 Dungeon Crawl Stone Soup version 0.25-a0-589-g1e14c549ee (webtiles) character file.

Game seed: 9737076765388498806, levelgen mode: deterministic

75 Kohma the Digger (level 4, -1/24 HPs)
             Began as a Gargoyle Earth Elementalist on Mar 13, 2020.
             Slain by an ice beast (7 damage)
             ... on level 2 of the Dungeon.
             The game lasted 00:04:13 (1713 turns).

Kohma the Digger (Gargoyle Earth Elementalist)      Turns: 1713, Time: 00:04:14

Health: -1/24      AC:  5    Str: 11    XL:     4   Next: 31%
Magic:  0/8        EV: 12    Int: 17    God:
Gold:   103        SH:  0    Dex: 10    Spells: 3/9 levels left

rFire    . . .     SeeInvis .   n - +0 dagger (venom)
rCold    . . .     Gourm    .   (no shield)
rNeg     + . .     Faith    .   c - +0 robe
rPois    ∞         Spirit   .   (no helmet)
rElec    +         Reflect  .   (no cloak)
rCorr    .         Harm     .   (no gloves)
MR       .....                  (no boots)
Stlth    ++........             (no amulet)
HPRegen  0.08/turn              (no ring)
MPRegen  0.11/turn              (no ring)

@: no status effects
A: negative energy resistance 1, electricity resistance, unbreathing,
petrification resistance, rot immunity, AC +3
a: no special abilities


You were on level 2 of the Dungeon.
You were near starving.

You visited 1 branch of the dungeon, and saw 2 of its levels.

You collected 103 gold pieces.

Inventory:

Hand Weapons
 f - a +0 falchion
 n - a +0 dagger of venom (weapon)
Missiles
 a - 31 sling bullets
 b - 21 stones (quivered)
Armour
 c - a +0 robe (worn)
Scrolls
 e - a scroll of blinking {unknown}
 h - 3 scrolls of identify {unknown}
 k - a scroll of magic mapping {unknown}
 l - a scroll of remove curse {unknown}
Potions
 g - 2 potions of stabbing {unknown}
 i - a potion of flight {unknown}
 j - 2 potions of degeneration {unknown}
 m - a potion of brilliance {unknown}
 o - a potion of cancellation {unknown}
Comestibles
 d - 6 rations


   Skills:
 - Level 1.5 Dodging
 - Level 2.1 Stealth
 + Level 3.2 Spellcasting
 + Level 0.5 Conjurations
 - Level 0.7 Transmutations
 + Level 4.9 Earth Magic


You had 3 spell levels left.
You knew the following spells:

 Your Spells              Type           Power        Failure   Level  Hunger
a - Sandblast             Erth           ###...       2%          1    None
b - Passwall              Tmut/Erth      ##......     9%          2    ##.....
c - Stone Arrow           Conj/Erth      ##....       17%         3    ###....

Your spell library contained the following spells:

 Spells                   Type           Power        Failure   Level  Hunger
 Petrify                  Tmut/Erth      ##......     47%         4    ####...
 Lee's Rapid Deconstruct  Erth           ###.......   54%         5    ######.


Dungeon Overview and Level Annotations

Branches:
Dungeon (2/15)

Altars:


Innate Abilities, Weirdness & Mutations

You are resistant to torment.
Your stone body is resilient. (AC +3)
You are immune to poison.
You resist negative energy. (rN+)
You are resistant to electric shocks. (rElec)
You can survive without breathing.
You are immune to petrification.
You are immune to rotting.


Message History

Casting: Stone Arrow (safe; 17% risk of failure)
Confirm with . or Enter, or press ? or * to list all spells.
Aiming: Sandblast (safe; 2% risk of failure)
Press: ? - help, Shift-Dir - straight line, f/p - ice beast
Aim: an ice beast (heavily wounded)
The blast of sand misses the ice beast.
b - 22 stones The ice beast hits you.
The ice beast freezes you!
Ouch! That really hurt!
Casting: Sandblast (safe; 2% risk of failure)
Confirm with . or Enter, or press ? or * to list all spells.
Aiming: Sandblast (safe; 2% risk of failure)
Press: ? - help, Shift-Dir - straight line, f/p - ice beast
Aim: an ice beast (heavily wounded)
The blast of sand misses the ice beast.
b - 21 stones The ice beast hits you.
* * * LOW HITPOINT WARNING * * *
The ice beast freezes you!
You die...

#.......<..#.#.#
#..........#.#.#
##.#.......#.#.#
#.#.......#.#.#
#.#.........#.#
#.#...##..#.#.#
#.........#.#
#.#.###.###.#
#.#......Y@.#
#.#.###..####
#..........#
#.$.####...# ..
#...# ....#
##..# ..# #.#


You could see an ice beast.

Vanquished Creatures
  3 oozes
  2 worms (D:2)
  3 dart slugs (D:1)
  A leopard gecko (D:1)
  4 orcs (D:2)
  6 bats
  A giant cockroach (D:2)
  4 goblins
  A hobgoblin (D:2)
  5 jackals (D:1)
  6 kobolds
  3 frilled lizards
  5 rats
44 creatures vanquished.

Notes
Turn   | Place    | Note
-------+----------+-------------------------------------------
     0 | D:1      | Kohma the Gargoyle Earth Elementalist began the quest for
                  | the Orb.
     0 | D:1      | Reached XP level 1. HP: 10/10 MP: 3/3
   142 | D:1      | Reached skill level 4 in Earth Magic
   142 | D:1      | Reached XP level 2. HP: 9/15 MP: 5/5
   548 | D:1      | Reached XP level 3. HP: 19/19 MP: 4/6
  1336 | D:2      | Reached XP level 4. HP: 21/24 MP: 6/8
  1444 | D:2      | Learned a level 2 spell: Passwall
  1448 | D:2      | Learned a level 3 spell: Stone Arrow
  1702 | D:2      | Noticed an ice beast
  1713 | D:2      | Slain by an ice beast

Levels and vault maps discovered:
D:1:      heliophobic_arrival_dark_side_of_the_moon, layout_basic
D:2:      layout_basic, nrook_loot_triangle

Skill      XL: |  1  2  3 |
---------------+----------+-----
Earth Magic    | 4 |  4.9
Spellcasting   | 3 |  3.2
Dodging        | |  1.5
Stealth        | |  2.1
Conjurations   | |  0.5
Transmutations | |  0.7

Action                   |  1- 3 |  4- 6 || total
-------------------------+-------+-------++-------
Melee: Dagger            |    78 |    30 ||   108
 Cast: Sandblast         |    32 |     6 ||    38
       Stone Arrow       |       |     1 ||     1
 Stab: Sleeping          |     3 |     4 ||     7
  Eat: Chunk             |     1 |       ||     1
Armor: Robe              |    31 |     8 ||    39
Dodge: Dodged            |    54 |    17 ||    71

Table legend:
 A = Non-vault XP
 B = Vault XP
 C = Vault XP percentage of total XP
 D = Non-vault monster count
 E = Vault monster count
 F = Vault count percentage of total count
                 A         B        C        D         E       F
            +---------+---------+-------+---------+---------+-------
      Total |     108 |       0 |   0.0 |      44 |       0 |   0.0
            +---------+---------+-------+---------+---------+-------
        D:1 |      56 |       0 |   0.0 |      26 |       0 |   0.0
        D:2 |      52 |       0 |   0.0 |      18 |       0 |   0.0
            +---------+---------+-------+---------+---------+-------
